 Dungeon Crawl Stone Soup version 0.26.1-11-gd32895ea62 (webtiles) character file.

Game seed: 16430042328014647763

686 infcreate the Sneak (level 7, -4/39 HPs)
             Began as a Vampire Enchanter on May 5, 2021.
             Was a Follower of Dithmenos.
             Killed by divine providence
             ... invoked by an orc priest
              (12 damage)
             ... on level 5 of the Dungeon.
             The game lasted 00:17:07 (6220 turns).

infcreate the Sneak (Vampire Enchanter)             Turns: 6220, Time: 00:17:09

Health: -4/39      AC:  5    Str:  7    XL:     7   Next: 35%
Magic:  5/11       EV: 15    Int: 18    God:    Dithmenos [*.....]
Gold:   292        SH:  0    Dex: 16    Spells: 3/12 levels left

rFire    . . .     SeeInvis +   a - +2 dagger
rCold    + + .     Faith    .   (no shield)
rNeg     + + +     Spirit   .   i - +0 robe (curse)
rPois    ∞         Reflect  .   d - +2 helmet
rElec    .         Harm     .   (no cloak)
rCorr    .         Rampage  .   (no gloves)
Will     .....                  (no boots)
Stlth    ++++++....             (no amulet)
HPRegen  0.00/turn              (no ring)
MPRegen  0.12/turn              (no ring)

@: about to teleport, bloodless, slowed, wreathed by umbra, very slow
A: fangs 3, see invisible, unbreathing
a: Bat Form, Revivify, Renounce Religion


You were on level 5 of the Dungeon.
You worshipped Dithmenos.
Dithmenos was aware of your devotion.
You visited 1 branch of the dungeon, and saw 5 of its levels.

You collected 292 gold pieces.


Innate Abilities, Weirdness & Mutations

You do not regenerate when monsters are visible.
You are frail without blood (-20% HP).
You can heal yourself when you bite living creatures.
You are immune to poison.
You have razor-sharp teeth.
You have supernaturally acute eyesight. (SInv)
You can survive without breathing.


   Skills:
 + Level 1.8 Fighting
 * Level 3.9 Short Blades
 * Level 4.4 Dodging
 * Level 7.0 Stealth
 + Level 3.0 Spellcasting
 * Level 6.9 Hexes


You had 3 spell levels left.
You knew the following spells:

 Your Spells              Type           Power        Failure   Level
c - Corona                Hex            30%          1%          1
d - Tukima's Dance        Hex            27%          2%          3
e - Ensorcelled Hibernat  Hex/Ice        30%          6%          2
t - Confusing Touch       Hex            27%          2%          3

Your spell library contained the following spells:

 Spells                   Type           Power        Failure   Level
 Dazzling Flash           Conj/Hex       30%          12%         3

Inventory:

Hand Weapons
 a - a +2 dagger (weapon)
Armour
 d - a +2 helmet (worn)
 i - a cursed +0 robe (worn)
Scrolls
 h - a scroll of amnesia {unknown}
 p - a scroll of remove curse {@r2}
Potions
 c - 3 potions of curing {@q1}
 e - a potion of degeneration {unknown}
 g - a potion of haste {unknown}
 j - a potion of flight {unknown}
 l - a potion of attraction {unknown}
 m - 2 potions of ambrosia
 n - a potion of mutation {unknown}
 o - a potion of brilliance {unknown}

Dungeon Overview and Level Annotations

Branches:
Dungeon (5/15)
 Temple: D:4-7

Altars:
Dithmenos
Okawaru

#.......############# #.....o.#
#.......[. ############....o..#
#.######## #..........#.......#
#.# # #..........#...o...# #.# #
#..........####.#######.########
#...<......# #§#...............
#..........# #o#.#####.########
+..........# #@#.# #.#.....†.
#..........# #.#.# #.#.######
#..........# #.#.# #.#.#
#..........# #.#.# #.#.#
#..........# #.#.# #.#.#
#..........# #.#.# #.#.#
#..........# #.#.# #.#.#
#####'###### #.#.# #.#.#
#.#########.#.# #.#.#


You could see 2 orc priests and 2 orcs.


Message History

Confirm with . or Enter, or press ? or * to list all spells.
Aiming: Ensorcelled Hibernation (safe; 6% risk of failure)
Press: ? - help, Shift-Dir - straight line, f - orc wizard
Aim: an orc wizard, wielding a +0 dagger and wearing a +0 robe (lightly wounded, fast, umbra, chance to affect: 46%)
The orc wizard resists with some effort.
The orc wizard completely misses you.
Casting: Ensorcelled Hibernation (safe; 6% risk of failure)
Confirm with . or Enter, or press ? or * to list all spells.
Aiming: Ensorcelled Hibernation (safe; 6% risk of failure)
Press: ? - help, Shift-Dir - straight line, f/p - orc wizard
Aim: an orc wizard, wielding a +0 dagger and wearing a +0 robe (lightly wounded, fast, umbra, chance to affect: 46%)
The orc wizard resists with some effort.
The orc wizard barely misses you.
The orc wizard points at you and mumbles some strange words.
You feel yourself slow down.
Casting: Ensorcelled Hibernation (safe; 6% risk of failure)
Confirm with . or Enter, or press ? or * to list all spells.
Aiming: Ensorcelled Hibernation (safe; 6% risk of failure)
Press: ? - help, Shift-Dir - straight line, f/p - orc wizard
Aim: an orc wizard, wielding a +0 dagger and wearing a +0 robe (lightly wounded, fast, umbra, chance to affect: 46%)
The orc wizard resists with some effort.
The orc wizard closely misses you.
Unknown command.
As you read the scroll of teleportation {@r4}, it crumbles to dust.
You feel strangely unstable.
The orc wizard casts a spell.
The orc wizard blinks!
The orc priest invokes the aid of Beogh against you.
Beogh smites you!
You die...

Skill      XL: |  1  2  3  4  5  6  7 |
---------------+----------------------+-----
Hexes          | 5 6 |  6.9
Stealth        | 5 6 7 |  7.0
Short Blades   | 2 3 |  3.9
Dodging        | 3 4 |  4.4
Fighting       | 1 |  1.8
Spellcasting   | 3 |  3.0

Action                   |  1- 3 |  4- 6 |  7- 9 || total
-------------------------+-------+-------+-------++-------
Melee: Dagger            |    83 |   107 |    20 ||   210
       Bite              |     2 |     3 |     2 ||     7
 Cast: Corona            |    10 |     6 |       ||    16
       Ensorcelled Hiber |    35 |    43 |     7 ||    85
       Confusing Touch   |       |     7 |     2 ||     9
       Tukima's Dance    |       |       |     1 ||     1
 Abil: Exsanguinate      |     1 |       |       ||     1
  Use: Scroll            |     3 |     4 |     3 ||    10
 Stab: Sleeping          |    33 |    37 |     3 ||    73
       Confused          |       |     6 |     1 ||     7
Armor: Robe              |    19 |    13 |     5 ||    37
Dodge: Dodged            |    39 |    28 |    29 ||    96

Levels and vault maps discovered:
D:1:      psy_arrival_spokes, layout_basic, minmay_small_reverse_x
D:2:      layout_basic, serial_corexii_hall, corexii_hall_statues_deadend,
          chequers_hall_statues_y, minmay_misc_feat_encased
D:3:      layout_loops_ring, nicolae_dithmenos_shadow_blocks,
          chequers_ecumenical_altar_lobes, okawaru_ov_weapons_minmay
D:4:      layout_basic, grunt_decor_cap
D:5:      layout_basic, marbit_many_paths, kennysheep_mini,
          minmay_temple_entry_mist, uniq_ijyb

Notes
Turn   | Place    | Note
-------+----------+-------------------------------------------
     0 | D:1      | infcreate the Vampire Enchanter began the quest for the
                  | Orb.
     0 | D:1      | Reached XP level 1. HP: 13/13 MP: 3/3
   464 | D:1      | Reached XP level 2. HP: 15/15 MP: 5/5
   473 | D:1      | Learned a level 2 spell: Ensorcelled Hibernation
   949 | D:1      | Reached XP level 3. HP: 20/20 MP: 1/6
   953 | D:1      | Learned a level 3 spell: Confusing Touch
  1954 | D:2      | Reached skill level 5 in Hexes
  2198 | D:2      | Reached skill level 5 in Stealth
  2219 | D:2      | Reached skill level 2 in Short Blades
  2506 | D:2      | Reached XP level 4. HP: 24/24 MP: 7/7
  2766 | D:3      | Found a shadowy altar of Dithmenos.
  2769 | D:3      | Reached skill level 3 in Dodging
  2788 | D:3      | Became a worshipper of Dithmenos the Shadowed
  3135 | D:3      | Found an iron altar of Okawaru.
  3494 | D:3      | Reached skill level 1 in Fighting
  3494 | D:3      | Reached XP level 5. HP: 29/29 MP: 8/8
  4228 | D:3      | Found a faded altar of an unknown god.
  4722 | D:4      | Noticed an ogre
  4728 | D:4      | Learned a level 3 spell: Tukima's Dance
  4731 | D:4      | Killed an ogre
  4732 | D:4      | Reached skill level 3 in Short Blades
  4732 | D:4      | Reached skill level 6 in Stealth
  4732 | D:4      | Reached skill level 6 in Hexes
  4732 | D:4      | Reached XP level 6. HP: 34/34 MP: 9/9
  4794 | D:4      | Noticed a water moccasin
  4864 | D:4      | Killed a water moccasin
  4864 | D:4      | Reached * piety under Dithmenos
  5066 | D:4      | Reached skill level 4 in Dodging
  5612 | D:4      | Reached XP level 7. HP: 39/39 MP: 8/11
  5660 | D:5      | Entered Level 5 of the Dungeon
  5666 | D:5      | Reached skill level 3 in Spellcasting
  6014 | D:5      | Reached skill level 7 in Stealth
  6220 | D:5      | Killed from afar by an orc priest

Vanquished Creatures
  A water moccasin (D:4)
  2 ogres
  A howler monkey (D:4)
  2 orc priests
  A hound (D:5)
  A bullfrog skeleton (D:4)
  A worker ant (D:4)
  8 gnolls (D:3)
  4 adders
  A white imp (D:5)
  An ufetubus (D:4)
  2 oozes
  2 worms
  3 dart slugs
  3 leopard geckos
  4 orcs (D:4)
  3 giant cockroaches
  6 goblins
  10 hobgoblins
  6 jackals
  7 kobolds
  2 quokkas
  A ball python (D:1)
  12 bats
  12 frilled lizards
  6 rats
102 creatures vanquished.

Vanquished Creatures (others)
  8 plants (D:3)
8 creatures vanquished.

Grand Total: 110 creatures vanquished

Table legend: (Time is in decaauts)
 A = Elapsed time spent in this place.
 B = Non-inter-level travel time spent in this place.
 C = Inter-level travel time spent in this place.
 D = Time resting spent in this place.
 E = Time spent auto-exploring this place.
 F = Levels seen in this place.
 G = Mean time per level.
                   A        B        C        D        E       F      G
               +--------+--------+--------+--------+--------+-----+--------+
         Total |   6201 |   6063 |    138 |   1653 |   2368 |   5 | 1240.2 |
       Dungeon |   6201 |   6063 |    138 |   1653 |   2368 |   5 | 1240.2 |
               +--------+--------+--------+--------+--------+-----+--------+

Top non-repeatable levels by time:
     D:3: 1734 daAuts
     D:1: 1464 daAuts
     D:4: 1297 daAuts
     D:2: 1269 daAuts
     D:5: 435 daAuts

Table legend:
 A = Non-vault XP
 B = Vault XP
 C = Vault XP percentage of total XP
 D = Non-vault monster count
 E = Vault monster count
 F = Vault count percentage of total count
                 A         B        C        D         E       F
            +---------+---------+-------+---------+---------+-------
      Total |     973 |       7 |   0.7 |      98 |       4 |   3.9
            +---------+---------+-------+---------+---------+-------
        D:1 |      41 |       7 |  14.6 |      22 |       4 |  15.4
        D:2 |      56 |       0 |   0.0 |      22 |       0 |   0.0
        D:3 |     210 |       0 |   0.0 |      33 |       0 |   0.0
        D:4 |     485 |       0 |   0.0 |      17 |       0 |   0.0
        D:5 |     181 |       0 |   0.0 |       4 |       0 |   0.0
            +---------+---------+-------+---------+---------+-------
